 Dungeon Crawl Stone Soup version 0.29.0 (webtiles) character file.

Game seed: 13742143603627599697

85 zenocrate the Trooper (level 4, -6/43 HPs)
             Began as a Gargoyle Fighter on Aug 24, 2022.
             Mangled by Crazy Yiuf
             ... wielding a +4 quarterstaff of chaos
              (8 damage)
             ... on level 2 of the Dungeon.
             The game lasted 00:09:57 (2175 turns).

zenocrate the Trooper (Gargoyle Fighter)            Turns: 2175, Time: 00:09:58

Health: -6/43      AC: 22    Str: 22    XL:     4   Next: 48%
Magic:  6/6        EV:  2    Int:  8    God:
Gold:   118        SH:  4    Dex:  9    Spells: 2/5 levels left

rFire   . . .      SeeInvis .   a - +0 flail
rCold   . . .      Faith    .   c - +0 buckler
rNeg    + . .      Spirit   .   (body armour currently unavailable)
rPois   ∞          Reflect  .   (helmet currently unavailable)
rElec   .          Harm     .   (cloak currently unavailable)
rCorr   .          Rampage  .   (gloves currently unavailable)
Will    .....      NoTele   +   (boots currently unavailable)
Stlth   +.........              (no amulet)
HPRegen 0.14/turn               (no ring)
MPRegen 0.10/turn               (no ring)

@: tree-form, invisible
A: stationary, stasis, torment immunity, boosted hp, sickness immunity, AC +3,
negative energy resistance 1, (electricity resistance), torment resistance 1,
petrification resistance
a: no special abilities


You were on level 2 of the Dungeon.
You were a tree.
You visited 1 branch of the dungeon, and saw 2 of its levels.

You collected 118 gold pieces.

Inventory:

Hand Weapons
 a - a +0 flail (weapon)
Missiles
 n - 6 boomerangs (quivered)
Armour
 b - a +0 scale mail (melded)
 c - a +0 buckler (worn)
 j - a +0 helmet (melded)
 k - a +0 pair of boots (melded)
Scrolls
 e - 2 scrolls of blinking
 g - a scroll of enchant weapon {unknown}
 i - 2 scrolls of identify {unknown}
 l - a scroll of fear {unknown}
 m - a scroll of amnesia {unknown}
Potions
 d - 2 potions of might
 h - a potion of flight {unknown}


   Skills:
 + Level 3.9 Fighting
 - Level 3.0 Maces & Flails
 - Level 3.2 Armour
 - Level 1.0 Dodging
 - Level 1.3 Stealth
 - Level 3.3 Shields
 + Level 1.3 Spellcasting


You had 2 spell levels left.
You knew the following spells:

 Your Spells              Type           Power      Damage    Failure   Level
a - Swiftness             Air            0%         N/A       83%         3

Your spell library contained the following spells:

 Spells                   Type           Power      Damage    Failure   Level
 Shock                    Conj/Air       0%         1d3       45%         1
 Call Canine Familiar     Summ           0%         N/A       83%         3
 Portal Projectile        Hex/Tloc       0%         N/A       83%         3
 Airstrike                Air            0%         2d(0-16)  99%         4
 Anguish                  Hex/Necr       0%         N/A       99%         4
 Leda's Liquefaction      Hex/Erth       0%         N/A       99%         4
 Enfeeble                 Hex            0%         N/A       100%        7


Dungeon Overview and Level Annotations

Branches:
Dungeon (2/15)

Altars:

Annotations:
D:2 Crazy Yiuf


Innate Abilities, Weirdness & Mutations

You are a tree.
Your roots penetrate the ground, keeping you stationary.
You cannot be teleported.
You are immune to unholy pain and torment.
Your maximum health is greatly increased.
Your equipment is partially melded.
You are immune to sickness and miasma.
((Your stone body is resilient. (AC +3)))
You are immune to poison.
You resist negative energy. (rN+)
((You are resistant to electric shocks. (rElec)))
You are resistant to unholy torment.
You are immune to petrification.


Message History

A dart slug comes into view.
The dart slug launches a dart at you.
The slug dart hits you but does no damage.
The dart slug bites you but does no damage.
There is a stone staircase leading up here.
You hit the dart slug.
The dart slug is severely wounded.
You hit the dart slug.
The dart slug is severely wounded.
The dart slug barely misses you.
You hit the dart slug.
You kill the dart slug!
Found 7 gold pieces.
You now have 118 gold pieces (gained 7).
Found a hammer.
Found a runed translucent door.
You open the door. You hit Crazy Yiuf.
Crazy Yiuf is moderately wounded.
Crazy Yiuf glowers.
Crazy Yiuf hits you with a +4 quarterstaff of chaos.
You fade into invisibility!
You hit Crazy Yiuf.
Crazy Yiuf is moderately wounded.
Crazy Yiuf cries, "Candle spinner tortoise!"
Crazy Yiuf barely misses you.
You closely miss Crazy Yiuf.
Crazy Yiuf is moderately wounded.
Crazy Yiuf hits you with a +4 quarterstaff of chaos!
Crazy Yiuf hits you with a +4 quarterstaff of chaos.
* * * LOW HITPOINT WARNING * * *
Crazy Yiuf burns you.
* * * LOW HITPOINT WARNING * * *
Okay, then.
It was a potion of lignification.
You turn into a tree.
Your +0 helmet melds into your body.
Your +0 pair of boots melds into your body.
Your +0 scale mail melds into your body.
Your roots penetrate the ground.
Crazy Yiuf hits you with a +4 quarterstaff of chaos!
You die...

#.# #.### #.#
#.# ##.# #.#
##### #.(#
#.# #)..#
#.## #.#
#...# #.# ###
... #.# #'#
#.# ♣g♣♣ #.#
♣♣♣♣ #.# ♣.♣♣
#.# ♣♣.♣ #.#
♣♣.♣♣ ##.#
♣♣...♣ #..#
♣PPP.♣ #.##
##..## #.#
######....##
#.#
##...##...#.#


You could see Crazy Yiuf (unable to see you).

Vanquished Creatures
  4 adders (D:2)
  2 dart slugs (D:2)
  6 ball pythons
  3 endoplasms
  4 goblins
  4 hobgoblins
  3 jackals (D:1)
  A kobold (D:2)
  A quokka (D:2)
  5 bats
  8 frilled lizards
  3 rats
44 creatures vanquished.

Notes
Turn   | Place    | Note
-------+----------+-------------------------------------------
     0 | D:1      | zenocrate the Gargoyle Fighter began the quest for the Orb.
     0 | D:1      | Reached XP level 1. HP: 14/14 MP: 1/1
    66 | D:1      | You fall into a shaft and drop 1 floor!
    91 | D:2      | Reached skill level 1 in Stealth
    91 | D:2      | Reached XP level 2. HP: 10/19 MP: 2/2
   436 | D:1      | Found a faded altar of an unknown god.
   477 | D:1      | Reached XP level 3. HP: 17/23 MP: 3/3
   842 | D:1      | Reached skill level 1 in Dodging
  1616 | D:2      | Reached XP level 4. HP: 26/28 MP: 3/5
  1725 | D:2      | Reached skill level 1 in Spellcasting
  1765 | D:2      | Learned a level 3 spell: Swiftness
  2166 | D:2      | Found a runed translucent door.
  2167 | D:2      | Noticed Crazy Yiuf
  2173 | D:2      | HP: 1/29 [Crazy Yiuf/+4 quarterstaff of chaos (2)]
  2175 | D:2      | Mangled by Crazy Yiuf

Illustrated notes

Levels and vault maps discovered:
D:1:      heliophobic_arrival_dark_side_of_the_moon, layout_loops_corners,
          dreamdust_ecumenical_altar_grove, nrook_loot_triangle,
          minmay_misc_feat_x, minmay_box_of_dots
D:2:      layout_loops_ring, uniq_crazy_yiuf_cottage

Skill      XL: |  1  2  3  4 |
---------------+-------------+-----
Stealth        | 1 |  1.3
Maces & Flails | 3 |  3.0
Dodging        | 1 |  1.0
Spellcasting   | 1 |  1.3
Fighting       | |  3.9
Armour         | |  3.2
Shields        | |  3.3

Action                   |  1- 3 |  4- 6 || total
-------------------------+-------+-------++-------
Melee: Flail             |   117 |    39 ||   156
  Use: Scroll            |     1 |       ||     1
       Potion            |       |     1 ||     1
Armor: Scale mail        |    62 |    16 ||    78
Dodge: Dodged            |    75 |    14 ||    89
Block: Buckler           |    16 |     2 ||    18
